AoeStats
← Filth Daddy

Arabia

508491373Analyzed
3v3 RM · 9d ago on Sep 22, 2026· 53m 44s· 6 players
Game mode
Random Map
Map size
Normal (6 player)
Population
200
Speed
Normal
Resources
Standard
Victory
Conquest
Starting age
Dark Age
Ending age
Imperial Age
RankedLock teamsTeams togetherTeam positionsShared explorationLock speedFull tech treeHidden civsTurbo modeCheats
Victory
Defeat
🇬🇧 Byzantines · United Kingdom
1061
+16
🇬🇧 Varangians · United Kingdom
1030
+17
🇬🇧 Vietnamese · United Kingdom
971
+20
🇬🇧 Vietnamese · United Kingdom
1088
-19
🇬🇧 Franks · United Kingdom
1050
-17
🇬🇧 Britons · United Kingdom
1035
-17
Just_Ed
11:24 Feudal Age
10:09 Loom
11:57 Feudal Age
13:52 Double-Bit Axe
13:51 Horse Collar
17:59 Fletching
22:04 Castle Age
20:09 Stone Mining
20:46 Gold Mining
23:23 Bow Saw
24:38 Bodkin Arrow
26:44 Gold Shaft Mining
27:34 Ballistics
28:43 Padded Archer Armor
29:46 Leather Archer Armor
30:40 Pikeman
32:47 Yeomen
40:12 Imperial Age
43:20 Chemistry
44:07 Bracer
49:55 Ring Archer Armor
50:37 Elite Longbowman
Filth Daddy
5:58 Loom
10:08 Feudal Age
10:26 Man-at-Arms
12:28 Double-Bit Axe
23:59 Castle Age
21:56 Fletching
23:36 Horse Collar
23:59 Gold Mining
24:04 Crossbowman
24:40 Bodkin Arrow
25:27 Bow Saw
32:24 Wheelbarrow
37:31 Padded Archer Armor
41:43 Imperial Age
40:23 Town Watch
42:16 Hand Cart
42:40 Bracer
42:18 Arbalester
43:17 Leather Archer Armor
43:28 Thumb Ring
45:17 Chemistry
44:53 Ballistics
46:25 Masonry
50:05 Bloodlines
49:55 Husbandry
50:05 Light Cavalry
Jesus2.0
8:18 Loom
9:42 Loom
11:28 Feudal Age
13:13 Double-Bit Axe
16:31 Castle Age
17:13 Scale Barding Armor
28:59 Bow Saw
30:46 Wheelbarrow
51:12 Light Cavalry
drweir4
7:47 Loom
9:35 Feudal Age
9:22 Loom
10:30 Double-Bit Axe
10:46 Horse Collar
14:20 Fletching
22:36 Castle Age
21:31 Padded Archer Armor
22:26 Scale Mail Armor
23:52 Wheelbarrow
23:37 Bodkin Arrow
23:45 Elite Skirmisher
25:57 Leather Archer Armor
29:10 Chain Mail Armor
29:08 Gambesons
30:36 Forging
31:35 Gold Mining
32:52 Squires
32:38 Arson
33:41 Gold Shaft Mining
38:56 Ballistics
42:52 Imperial Age
40:27 Murder Holes
41:37 Heavy Plow
43:05 Iron Casting
43:56 Elite Varangian Guard
45:10 Plate Mail Armor
46:25 Bracer
47:30 Bow Saw
51:15 Imperial Skirmisher
52:21 Conscription
53:28 Ring Archer Armor
53:48 Thumb Ring
Mopatop's shop
9:10 Loom
11:41 Feudal Age
13:20 Double-Bit Axe
22:04 Castle Age
20:22 Gold Mining
21:23 Fletching
21:34 Padded Archer Armor
22:12 Crossbowman
25:02 Pikeman
29:35 Bow Saw
31:16 Town Watch
32:04 Leather Archer Armor
33:50 Thumb Ring
36:38 Bodkin Arrow
39:20 Imperial Age
37:08 Elite Skirmisher
40:36 Wheelbarrow
39:38 Imperial Skirmisher
JBizzle
5:36 Loom
10:17 Feudal Age
11:52 Horse Collar
13:55 Wheelbarrow
13:39 Bloodlines
17:22 Forging
17:59 Double-Bit Axe
19:09 Scale Barding Armor
21:13 Wheelbarrow
24:25 Castle Age
25:57 Iron Casting
25:50 Husbandry
25:11 Light Cavalry
27:01 Hand Cart
29:52 Heavy Plow
34:32 Gold Mining
34:32 Stone Mining
36:07 Chain Barding Armor
43:50 Imperial Age
43:52 Cavalier
46:15 Blast Furnace
46:02 Hussar
50:15 Fletching
52:05 Bodkin Arrow
51:38 Vendel Legacy
Connection lost

Rejoining the realm…

Still unreachable

The connection could not be restored.

Session expired

The server has moved on; the page needs a fresh start.